 Dungeon Crawl Stone Soup version 0.31-a0-986-g5e6e4ef867 (webtiles) character file.

Game seed: 2851304330025294948

954 wildpjah the Slasher (level 8, -1/48 HPs)
             Began as a Tengu Reaver on Nov 20, 2023.
             Was a Follower of Okawaru.
             Slain by Pikel
             ... wielding a +2 whip of freezing
              (5 damage)
             ... on level 5 of the Dungeon.
             The game lasted 00:07:19 (3743 turns).

wildpjah the Slasher (Tengu Reaver)                 Turns: 3743, Time: 00:07:20

Health: -1/48      AC:  5    Str: 13    XL:     8   Next: 14%
Magic:  11/12      EV: 27    Int: 13    God:    Okawaru [*.....]
Gold:   202        SH:  0    Dex: 15    Spells: 10/11 levels left

rFire   . . .        a - +0 falchion
rCold   . . .        (no shield)
rNeg    . . .        b - +0 leather armour
rPois   .            (helmet restricted)
rElec   .            v - +0 cloak
rCorr   .            r - +0 pair of gloves
SInv    .            (boots unavailable)
Will    .....        (no amulet)
Stlth   ++           m - +5 ring of evasion
HPRegen 0.28/turn    q - +5 ring of evasion
MPRegen 0.13/turn

%: acrobat
@: brilliant, flying
A: beak, talons 3, evasive flight, acrobatic
a: Renounce Religion, Heroism


You were on level 5 of the Dungeon.
You worshipped Okawaru.
Okawaru was aware of your devotion.
You visited 1 branch of the dungeon, and saw 5 of its levels.

You collected 202 gold pieces.

Inventory:

Hand Weapons
 a - a +0 falchion (weapon)
Armour
 b - a +0 leather armour (worn)
 r - a +0 pair of gloves (worn)
 v - a +0 cloak (worn)
Jewellery
 m - a +5 ring of evasion (left hand)
 q - a +5 ring of evasion (right hand)
 t - a +6 ring of strength
 u - a +4 ring of protection
Scrolls
 c - 3 scrolls of fear {unknown}
 d - 3 scrolls of blinking {unknown}
 e - 3 scrolls of noise {unknown}
 f - 4 scrolls of fog {unknown}
 h - a scroll of identify {unknown}
 l - 3 scrolls of teleportation {unknown}
 o - a scroll of enchant armour {unknown}
 p - a scroll of poison {unknown}
Potions
 g - a potion of brilliance
 i - 2 potions of enlightenment {unknown}
 j - a potion of ambrosia {unknown}
 k - 2 potions of invisibility {unknown}
 n - 2 potions of berserk rage {unknown}
 s - 2 potions of haste {unknown}


   Skills:
 * Level 4.2 Fighting
 * Level 6.0 Long Blades
 + Level 3.3 Armour
 * Level 5.0 Dodging
 + Level 2.9 Stealth
 + Level 2.1 Spellcasting
 + Level 5.0 Conjurations
 + Level 0.4 Necromancy
 + Level 0.2 Invocations


You had 10 spell levels left.
You knew the following spells:

 Your Spells              Type           Power      Damage    Failure   Level
a - Kiss of Death         Conj/Necr      48%        2d9       11%         1

Your spell library contained the following spells:

 Spells                   Type           Power      Damage    Failure   Level
 Momentum Strike          Conj/Tloc      24%        3d8       17%         2
 Hailstorm                Conj/Ice       12%        3d5       32%         3
 Sublimation of Blood     Necr           3%         N/A       38%         2
 Wereblood                Tmut           2%         N/A       43%         2
 Summon Hydra             Summ           Unusable   N/A       N/A         7

Dungeon Overview and Level Annotations

Branches:
Dungeon (5/15)
 Temple: D:4-7

Altars:
Okawaru

Shops:
D:2 (

Annotations:
D:5 Pikel


Innate Abilities, Weirdness & Mutations

You have a beak for a mouth.
You have claws for feet.
Your magical flight helps you evade attacks. (EV +4)
You can magically evade attacks while moving or waiting.


Message History

You peck Pikel.
Pikel is moderately wounded.
The lemure barely misses you. Pikel closely misses you.
The lemure completely misses you.
You hit Pikel.
Pikel is moderately wounded.
The lemure completely misses you. x3; The lemure closely misses you.
Pikel completely misses you.
You hit Pikel.
Pikel is heavily wounded.
You feel like a meek peon again. The lemure completely misses you.
The lemure hits you.
Pikel hits you with a +2 whip of freezing!
Pikel freezes you. The lemure closely misses you.
The lemure hits you but does no damage.
You hit Pikel. Your kick misses Pikel.
Pikel is heavily wounded.
The lemure hits you. The lemure closely misses you. The lemure misses you.
Pikel completely misses you. The lemure completely misses you.
You barely miss Pikel. You claw Pikel, but do no damage.
Pikel is heavily wounded.
The lemure completely misses you.
Pikel hits you with a +2 whip of freezing.
Pikel freezes you. The lemure closely misses you.
The lemure completely misses you. x2
Unknown command.
You hit Pikel.
Pikel is severely wounded.
The lemure completely misses you. x2
Pikel hits you with a +2 whip of freezing!
* * * LOW HITPOINT WARNING * * *
Pikel freezes you.
* * * LOW HITPOINT WARNING * * *
The lemure misses you. x2
It was a potion of brilliance.
You feel clever all of a sudden. The lemure closely misses you.
Pikel hits you with a +2 whip of freezing.
You die...
Pikel says, "See you in Hell!"

....#.#.......#......
...................#
#.#................#
#.#.#######..#...#
#.#.#............#
#..............# #
#..#####.....#
........5....#
#..###5@#...##
#.....55K......
#..###........# #
.....###.# ##...## .#
#...# # ........###
.......... ....... ..


You could see Pikel and 4 lemures.

Vanquished Creatures
  Grinder (D:4)
  Sigmund (D:4)
  An ogre (D:4)
  2 phantoms
  2 hounds
  2 jellies
  Natasha (thrice) (D:3)
  Terence (D:3)
  Robin (D:3)
  3 adders
  4 worms
  A dart slug (D:1)
  An orc (D:4)
  9 endoplasms
  A giant cockroach (D:2)
  13 goblins
  7 hobgoblins
  8 jackals
  5 kobolds
  3 quokkas
  7 ball pythons
  7 bats
  11 frilled lizards
  6 rats
100 creatures vanquished.

Notes
Turn   | Place    | Note
-------+----------+-------------------------------------------
     0 | D:1      | wildpjah the Tengu Reaver began the quest for the Orb.
     0 | D:1      | Reached XP level 1. HP: 12/12 MP: 4/4
    75 | D:1      | Reached XP level 2. HP: 17/17 MP: 6/6
   370 | D:1      | Reached XP level 3. HP: 21/21 MP: 7/7
   949 | D:2      | HP: 1/21 [worm (7)]
  1126 | D:2      | Found an iron altar of Okawaru.
  1129 | D:2      | Reached skill level 1 in Armour
  1139 | D:2      | Became a worshipper of Warmaster Okawaru
  1248 | D:2      | Found Mugh's Weapon Boutique.
  1268 | D:2      | Reached skill level 4 in Long Blades
  1268 | D:2      | Reached XP level 4. HP: 13/26 MP: 8/8
  1763 | D:3      | Noticed Robin
  1974 | D:3      | Noticed Natasha
  1982 | D:3      | Killed Natasha
  1983 | D:3      | Reached XP level 5. HP: 23/30 MP: 7/9
  2117 | D:3      | Noticed Natasha
  2124 | D:3      | Killed Natasha
  2187 | D:3      | Noticed Terence
  2199 | D:3      | Killed Terence
  2497 | D:3      | Noticed Natasha
  2502 | D:3      | Killed Natasha
  2618 | D:3      | Found a faded altar of an unknown god.
  2628 | D:3      | Killed Robin
  2629 | D:3      | Reached skill level 1 in Stealth
  2629 | D:3      | Reached XP level 6. HP: 23/36 MP: 10/10
  3088 | D:4      | Reached * piety under Okawaru
  3136 | D:4      | Reached skill level 5 in Long Blades
  3136 | D:4      | Reached skill level 5 in Conjurations
  3136 | D:4      | Gained mutation: Your magical flight helps you evade
                  | attacks. (EV +4) [Tengu growth]
  3136 | D:4      | Reached XP level 7. HP: 34/41 MP: 7/11
  3219 | D:4      | Noticed Grinder
  3234 | D:4      | Killed Grinder
  3297 | D:4      | Noticed Sigmund
  3326 | D:4      | Killed Sigmund
  3555 | D:5      | Entered Level 5 of the Dungeon
  3557 | D:5      | Noticed Pikel
  3615 | D:5      | Reached XP level 8. HP: 34/48 MP: 12/12
  3619 | D:5      | Reached skill level 5 in Dodging
  3725 | D:5      | Reached skill level 6 in Long Blades
  3743 | D:5      | Slain by Pikel

Illustrated notes

Levels and vault maps discovered:
D:1:      reono_arrival_forest_river, layout_rooms, st_stairs_1,
          minmay_misc_feat_more_columns, palyth_stone_intersect,
          hangedman_glass_teeth, minmay_lizard_pond
D:2:      layout_basic, serial_shops, shop, basic_altar
D:3:      layout_basic, shapermc_ecumenical_altar_mp_highgroup, uniq_natasha,
          uniq_robin, uniq_terence
D:4:      layout_basic, uniq_sigmund, uniq_grinder
D:5:      layout_basic, temple_doors_e, uniq_ijyb, uniq_pikel

Skill      XL: |  1  2  3  4  5  6  7  8 |
---------------+-------------------------+-----
Armour         | 1 2 3 |  3.3
Long Blades    | 4 5 6 |  6.0
Dodging        | 3 4 5 |  5.0
Stealth        | 1 2 |  2.9
Fighting       | 3 4 |  4.2
Conjurations   | 5 |  5.0
Spellcasting   | |  2.1
Necromancy     | |  0.4
Invocations    | |  0.2

Action                     |  1- 3 |  4- 6 |  7- 9 || total
---------------------------+-------+-------+-------++-------
  Melee: Falchion          |   110 |   111 |    83 ||   304
         Peck              |    11 |    18 |    11 ||    40
         Kick              |    28 |    33 |    25 ||    86
         Punch             |       |     1 |       ||     1
   Cast: Kiss of Death     |       |     3 |     1 ||     4
 Invoke: Heroism           |       |     1 |     2 ||     3
    Use: Potion            |       |       |     1 ||     1
   Stab: Sleeping          |     1 |     2 |     1 ||     4
 Armour: Leather armour    |    36 |    55 |    24 ||   115
  Dodge: Dodged            |    94 |    81 |    92 ||   267

Table legend: (Time is in decaauts)
 A = Elapsed time spent in this place.
 B = Non-inter-level travel time spent in this place.
 C = Inter-level travel time spent in this place.
 D = Time resting spent in this place.
 E = Time spent auto-exploring this place.
 F = Levels seen in this place.
 G = Mean time per level.
                   A        B        C        D        E       F      G
               +--------+--------+--------+--------+--------+-----+--------+
         Total |   3770 |   3620 |    150 |     65 |   2820 |   5 |  754.0 |
       Dungeon |   3770 |   3620 |    150 |     65 |   2820 |   5 |  754.0 |
               +--------+--------+--------+--------+--------+-----+--------+

Top non-repeatable levels by time:
     D:2: 1087 daAuts
     D:3: 1046 daAuts
     D:4: 837 daAuts
     D:1: 651 daAuts
     D:5: 146 daAuts
